APL (24 & UNDER)
STATE COLLEGE SPIKES @ EL PASO TEXANS
07/08/2030
 
TOP OF THE 1ST
State College Spikes batting - Pitching for El Paso Texans : RHP Derek Baker
Pitching: RHP Derek Baker
Batting: LHB William Mitchell 0-0: Ball
1-0: DOUBLE (Line Drive, 8RD)
Batting: RHB Jorge Molina 0-0: Foul Ball, location: 2F
0-1: Ball
1-1: SINGLE (Groundball, 56D)
William Mitchell to third
Runner from 3rd tries for Home, SAFE, no throw
Batting: RHB Iván Romero 0-0: Swinging Strike
0-1: Ball
1-1: Grounds into double play, 6-4-3 (Groundball, 6)
Batting: RHB Mike Hurt 0-0: Ball
1-0: Swinging Strike
1-1: Foul Ball, location: 2F
1-2: Ball
2-2: Foul Ball, location: 2F
2-2: DOUBLE (Line Drive, 78D)
Batting: RHB Steve Welch 0-0: Ball
1-0: Ground out 5-3 (Groundball, 56)
Top of the 1st over - 1 run, 3 hits, 0 errors, 1 left on base; State College 1 - El Paso 0
BOTTOM OF THE 1ST
El Paso Texans batting - Pitching for State College Spikes : RHP José Sánchez
Pitching: RHP José Sánchez
Batting: RHB Domingo Morales 0-0: Ball
1-0: Ball
2-0: Ground out 6-3 (Groundball, 6)
Batting: RHB Doug Bruce 0-0: Called Strike
0-1: Ball
1-1: Ball
2-1: Swinging Strike
2-2: Ground out 1-3 (Groundball, 13S)
Batting: SHB António Cervantes 0-0: Foul Ball, location: 2F
0-1: Called Strike
0-2: Foul Ball, location: 2F
0-2: Ball
1-2: Ball
2-2: Ball
3-2: Foul Ball, location: 2F
3-2: DOUBLE (Flyball, 8RD)
Batting: LHB Cipriano Rangel 0-0: Ball
1-0: Ground out 5-3 (Groundball, 5)
Bottom of the 1st over - 0 runs, 1 hit, 0 errors, 1 left on base; State College 1 - El Paso 0
TOP OF THE 2ND
State College Spikes batting - Pitching for El Paso Texans : RHP Derek Baker
Batting: RHB Sergio Serrano 0-0: Foul Ball, location: 2F
0-1: Ball
1-1: Ball
2-1: Swinging Strike
2-2: Foul Ball, location: 2F
2-2: Foul Ball, location: 2F
2-2: Ground out 5-3 (Groundball, 56S)
Batting: RHB António Trevino 0-0: Foul Ball, location: 2F
0-1: Fly out, F9 (Flyball, 9)
Batting: RHB Gustavo Martínez 0-0: Ball
1-0: Ball
2-0: Ball
3-0: Called Strike
3-1: Base on Balls
Batting: RHB Víctor Polanco 0-0: Ball
Gustavo Martínez is caught stealing 2nd base
Top of the 2nd over - 0 runs, 0 hits, 0 errors, 0 left on base; State College 1 - El Paso 0
BOTTOM OF THE 2ND
El Paso Texans batting - Pitching for State College Spikes : RHP José Sánchez
Batting: RHB Gabriel Santana 0-0: Foul Ball, location: 2F
0-1: Ball
1-1: Ball
2-1: Called Strike
2-2: Ball
3-2: Base on Balls
Batting: RHB Rafael Crus 0-0: Ball
1-0: Ball
2-0: Ball
3-0: Base on Balls
Gabriel Santana to second
Batting: LHB Allen Boyd 0-0: Ball
1-0: Foul Ball, location: 2F
1-1: Foul Ball, location: 2F
1-2: Fly out, F8 (Flyball, 8RD)
Batting: SHB Oliver Riley 0-0: Foul Ball, location: 2F
0-1: Foul Ball, location: 2F
0-2: Ball
1-2: Ball
2-2: Strikes out swinging
Batting: LHB Ramón Chávez 0-0: Ball
1-0: Foul Ball, location: 2F
1-1: Foul Ball, location: 2F
1-2: Ground out 3-1 (Groundball, 34)
Bottom of the 2nd over - 0 runs, 0 hits, 0 errors, 2 left on base; State College 1 - El Paso 0
TOP OF THE 3RD
State College Spikes batting - Pitching for El Paso Texans : RHP Derek Baker
Batting: RHB Víctor Polanco 0-0: Called Strike
0-1: Ball
1-1: Foul Ball, location: 2F
1-2: Foul Ball, location: 2F
1-2: SINGLE (Groundball, 56D)
Batting: LHB William Mitchell 0-0: Called Strike
Balk!
Víctor Polanco to second
0-1: Ground out 4-3 (Groundball, 4)
Víctor Polanco to third
Batting: RHB Jorge Molina 0-0: Ball
1-0: Ball
2-0: Ground out U3 (Groundball, 34S)
Víctor Polanco scores
Batting: RHB Iván Romero 0-0: Ball
1-0: Ball
2-0: Called Strike
2-1: Ball
3-1: Ground out 6-3 (Groundball, 6MS)
Top of the 3rd over - 1 run, 1 hit, 0 errors, 0 left on base; State College 2 - El Paso 0
BOTTOM OF THE 3RD
El Paso Texans batting - Pitching for State College Spikes : RHP José Sánchez
Batting: RHB Domingo Morales 0-0: Called Strike
0-1: Ball
1-1: Ground out 6-3 (Groundball, 6)
Batting: RHB Doug Bruce 0-0: Called Strike
0-1: Fly out, F3 (Popup, 3SF)
Batting: SHB António Cervantes 0-0: Called Strike
0-1: Ball
1-1: Ball
2-1: Ball
3-1: Called Strike
3-2: Base on Balls
Batting: LHB Cipriano Rangel 0-0: Ball
1-0: Ball
2-0: DOUBLE (Flyball, 8LXD)
António Cervantes to third
Runner from 3rd tries for Home, SAFE, no throw
Batting: RHB Gabriel Santana 0-0: Ball
1-0: Ground out 6-3 (Groundball, 6)
Bottom of the 3rd over - 1 run, 1 hit, 0 errors, 1 left on base; State College 2 - El Paso 1
TOP OF THE 4TH
State College Spikes batting - Pitching for El Paso Texans : RHP Derek Baker
Batting: RHB Mike Hurt 0-0: Swinging Strike
0-1: Ball
1-1: Ball
2-1: Ball
3-1: Ground out 6-3 (Groundball, 56)
Batting: RHB Steve Welch 0-0: Foul Ball, location: 2F
0-1: Ball
1-1: Ground out 5-3 (Groundball, 5S)
Batting: RHB Sergio Serrano 0-0: Foul Ball, location: 2F
0-1: SINGLE (Groundball, 56D)
Batting: RHB António Trevino 0-0: Ball
1-0: Foul Ball, location: 2F
1-1: Ball
2-1: Ball
3-1: Ground out 4-3 (Groundball, 4S)
Top of the 4th over - 0 runs, 1 hit, 0 errors, 1 left on base; State College 2 - El Paso 1
BOTTOM OF THE 4TH
El Paso Texans batting - Pitching for State College Spikes : RHP José Sánchez
Batting: RHB Rafael Crus 0-0: Called Strike
0-1: Ball
1-1: Ball
2-1: Foul Ball, location: 2F
2-2: SINGLE (Line Drive, 7S)
Batting: LHB Allen Boyd 0-0: Ball
1-0: Called Strike
1-1: Ball
2-1: Ball
3-1: Swinging Strike
3-2: Grounds into double play, 4-6-3 (Groundball, 4)
Batting: SHB Oliver Riley 0-0: Called Strike
0-1: Ball
1-1: Ball
2-1: Called Strike
2-2: Ball
3-2: Strikes out looking
Bottom of the 4th over - 0 runs, 1 hit, 0 errors, 0 left on base; State College 2 - El Paso 1
TOP OF THE 5TH
State College Spikes batting - Pitching for El Paso Texans : RHP Derek Baker
Batting: RHB Gustavo Martínez 0-0: Ground out 6-3 (Groundball, 6M)
Batting: RHB Víctor Polanco 0-0: Ball
1-0: Foul Ball, location: 2F
1-1: Ball
2-1: Ball
3-1: Foul Ball, location: 2F
3-2: SINGLE (Groundball, 56D)
Batting: LHB William Mitchell 0-0: Foul Ball, location: 2F
0-1: Ball
1-1: Ball
2-1: Swinging Strike
2-2: Foul Ball, location: 2F
2-2: Fly out, F7 (Flyball, 7)
Batting: RHB Jorge Molina 0-0: Called Strike
Víctor Polanco steals 2nd base
0-1: Swinging Strike
0-2: Strikes out looking
Top of the 5th over - 0 runs, 1 hit, 0 errors, 1 left on base; State College 2 - El Paso 1
BOTTOM OF THE 5TH
El Paso Texans batting - Pitching for State College Spikes : RHP José Sánchez
Batting: LHB Ramón Chávez 0-0: Called Strike
0-1: Ground out U3 (Groundball, 3)
Batting: RHB Domingo Morales 0-0: Ball
1-0: Called Strike
1-1: Foul Ball, location: 2F
1-2: Foul Ball, location: 2F
1-2: Ground out 6-3 (Groundball, 6)
Batting: RHB Doug Bruce 0-0: Swinging Strike
0-1: Ball
1-1: Swinging Strike
1-2: Foul Ball, location: 2F
1-2: Ball
2-2: Strikes out looking
Bottom of the 5th over - 0 runs, 0 hits, 0 errors, 0 left on base; State College 2 - El Paso 1
TOP OF THE 6TH
State College Spikes batting - Pitching for El Paso Texans : RHP Derek Baker
Batting: RHB Iván Romero 0-0: Swinging Strike
0-1: Swinging Strike
0-2: Foul Ball, location: 2F
0-2: Foul Ball, location: 2F
0-2: Ball
1-2: Ball
2-2: Ball
3-2: Base on Balls
Pitching: RHP Oscar Martin
Batting: RHB Mike Hurt 0-0: Ball
1-0: Ball
2-0: Ball
3-0: Called Strike
3-1: Fly out, F8 (Flyball, 78D)
Batting: RHB Steve Welch 0-0: Ball
1-0: Called Strike
1-1: Ball
2-1: Ground out 5-3 (Groundball, 56S)
Iván Romero to second
Batting: RHB Sergio Serrano 0-0: Ball
1-0: Called Strike
1-1: Foul Ball, location: 2F
1-2: Strikes out looking
Top of the 6th over - 0 runs, 0 hits, 0 errors, 1 left on base; State College 2 - El Paso 1
BOTTOM OF THE 6TH
El Paso Texans batting - Pitching for State College Spikes : RHP José Sánchez
Batting: SHB António Cervantes 0-0: Foul Ball, location: 2F
0-1: Ground out U3 (Groundball, 3L)
Batting: LHB Cipriano Rangel 0-0: Called Strike
0-1: Ball
1-1: SINGLE (Flyball, 9LM)
Batting: RHB Gabriel Santana 0-0: Ball
1-0: Foul Ball, location: 2F
1-1: Swinging Strike
1-2: Foul Ball, location: 2F
1-2: Grounds into double play, U3-6 (Groundball, 3L)
Bottom of the 6th over - 0 runs, 1 hit, 0 errors, 0 left on base; State College 2 - El Paso 1
TOP OF THE 7TH
State College Spikes batting - Pitching for El Paso Texans : RHP Oscar Martin
Batting: RHB António Trevino 0-0: Called Strike
0-1: Foul Ball, location: 2F
0-2: Hit by Pitch
Batting: RHB Gustavo Martínez 0-0: Sac Bunt - play at first, batter OUT! 3-4
António Trevino to second
Batting: RHB Víctor Polanco 0-0: Intentional Walk
Pinch Hitting: LHB Javier Morales 0-0: Ball
1-0: Called Strike
1-1: Ball
2-1: Fly out, F9 (Line Drive, 9)
Batting: RHB Jorge Molina 0-0: Called Strike
0-1: Ball
1-1: Fly out, F9 (Line Drive, 9)
Top of the 7th over - 0 runs, 0 hits, 0 errors, 2 left on base; State College 2 - El Paso 1
BOTTOM OF THE 7TH
El Paso Texans batting - Pitching for State College Spikes : RHP José Sánchez
Pitching: RHP Mike Fitzpatrick
Now at 2B: David Silva
Batting: RHB Rafael Crus 0-0: Fly out, F7 (Flyball, 78M)
Pitching: LHP José Deleón
Batting: LHB Allen Boyd 0-0: Ball
1-0: Ball
2-0: Ball
3-0: Base on Balls
Pitching: RHP Nelson Rivera
Pinch Runner at 1st Stephen Black:
Batting: SHB Oliver Riley 0-0: Ball
Stephen Black steals 2nd base
1-0: Called Strike
1-1: Ball
2-1: Foul Ball, location: 2F
2-2: Ball
3-2: Base on Balls
Batting: LHB Ramón Chávez 0-0: Ball
1-0: Foul Ball, location: 2F
1-1: Ball
2-1: Foul Ball, location: 2F
2-2: Ball
3-2: Foul Ball, location: 2F
3-2: Foul Ball, location: 2F
3-2: Fly out, F8 (Flyball, 8LD)
Pinch Hitting: LHB Michael Melton 0-0: Called Strike
0-1: Ball
1-1: Ground out U3 (Groundball, 34)
Bottom of the 7th over - 0 runs, 0 hits, 0 errors, 2 left on base; State College 2 - El Paso 1
TOP OF THE 8TH
State College Spikes batting - Pitching for El Paso Texans : RHP Oscar Martin
Now at SS: Merlin Dobbin
Now in CF: Stephen Black
Batting: RHB Iván Romero 0-0: Called Strike
0-1: Foul Ball, location: 2F
0-2: Ball
1-2: Ball
2-2: Ball
3-2: Foul Ball, location: 2F
3-2: Strikes out looking
Batting: RHB Mike Hurt 0-0: Called Strike
0-1: Called Strike
0-2: Strikes out swinging
Batting: RHB Steve Welch 0-0: Ball
1-0: Ball
2-0: Called Strike
2-1: Ball
3-1: Called Strike
3-2: Foul Ball, location: 2F
3-2: Foul Ball, location: 2F
3-2: Ground out 6-3 (Groundball, 56)
Top of the 8th over - 0 runs, 0 hits, 0 errors, 0 left on base; State College 2 - El Paso 1
BOTTOM OF THE 8TH
El Paso Texans batting - Pitching for State College Spikes : RHP Nelson Rivera
Now in CF: John Weber
Batting: RHB Doug Bruce 0-0: Called Strike
0-1: Ball
1-1: Ball
2-1: Fly out, F9 (Flyball, 9S)
Batting: SHB António Cervantes 0-0: Foul Ball, location: 2F
0-1: SINGLE (Line Drive, 89S)
Pitching: LHP Dan Brown
Batting: LHB Cipriano Rangel 0-0: Ball
1-0: Fly out, F6 (Flyball, 6D)
Batting: RHB Gabriel Santana 0-0: Called Strike
0-1: Ball
1-1: Swinging Strike
1-2: Foul Ball, location: 2F
1-2: Ball
2-2: Foul Ball, location: 2F
2-2: Strikes out swinging
Bottom of the 8th over - 0 runs, 1 hit, 0 errors, 1 left on base; State College 2 - El Paso 1
TOP OF THE 9TH
State College Spikes batting - Pitching for El Paso Texans : RHP Oscar Martin
Batting: RHB Sergio Serrano 0-0: Called Strike
0-1: Swinging Strike
0-2: Ball
1-2: Strikes out swinging
Batting: RHB António Trevino 0-0: Called Strike
0-1: Ball
1-1: Foul Ball, location: 2F
1-2: Strikes out swinging
Batting: RHB Gustavo Martínez 0-0: Called Strike
0-1: SINGLE (Line Drive, 6D)
Pinch Hitting: LHB Mark Watson 0-0: Ball
Pickoff Throw to First - Error! E1
Gustavo Martínez to second
1-0: Ball
2-0: Called Strike
2-1: Ball
3-1: Base on Balls
Pinch Hitting: LHB Thad Green 0-0: Ground out 4-3 (Groundball, 4)
Top of the 9th over - 0 runs, 1 hit, 1 error, 2 left on base; State College 2 - El Paso 1
BOTTOM OF THE 9TH
El Paso Texans batting - Pitching for State College Spikes : LHP Dan Brown
Pitching: RHP Emílio Fernández
Now at C: Kululu Kijana
Now at 2B: Jeff Richardson
Batting: RHB Rafael Crus 0-0: Ball
1-0: Ball
2-0: Foul Ball, location: 2F
2-1: Ball
3-1: SINGLE (Flyball, 9S)
Batting: RHB Stephen Black
Pinch Hitting: RHB Ralph McCullum 0-0: Foul Ball, location: 2F
0-1: DOUBLE (Line Drive, 7LM)
Rafael Crus to third
Batting: SHB Oliver Riley 0-0: Foul Ball, location: 2F
0-1: Foul Ball, location: 2F
0-2: Foul Ball, location: 2F
0-2: Foul Ball, location: 2F
0-2: Ball
1-2: Ground out 4-3 (Groundball, 4M)
Batting: LHB Ramón Chávez 0-0: Ball
1-0: Ground out 5-3 (Groundball, 5)
Batting: RHB Merlin Dobbin 0-0: Ball
1-0: Swinging Strike
1-1: Ball
2-1: Ball
3-1: SINGLE (Groundball, 56D)
Rafael Crus scores
Ralph McCullum to third
Runner from 3rd tries for Home, SAFE, no throw
Saturday, April 7th, 2018 - OOTP Baseball 18.8 Build 76